 Dungeon Crawl Stone Soup version 0.23.2-40-g277498a001 (webtiles) character file.

Game seed: 12885331270942443832

127587 Curus the Warrior (level 16, -11/234 HPs)
             Began as a Demonspawn Gladiator on Oct 9, 2019.
             Was the Champion of Trog.
             Mangled by a sea snake (13 damage)
             ... on level 1 of the Shoals.
             The game lasted 02:39:25 (22679 turns).

Curus the Warrior (Demonspawn Gladiator)           Turns: 22679, Time: 02:39:25

Health: -11/234    AC: 20    Str: 19    XL:     16   Next: 46%
Magic:  0/21       EV: 26    Int:  7    God:    Trog [******]
Gold:   2337       SH:  0    Dex: 21    Spells: 15/15 levels left

rFire    . . .     SeeInvis +   W - +8 lajatang (chaos)
rCold    . . .     Gourm    .   (shield currently unavailable)
rNeg     + + .     Faith    .   a - +1 leather armour of Hadjma {rElec rN++ Int-4 Stlth+}
rPois    .         Spirit   +   (helmet unavailable)
rElec    +         Reflect  .   m - +2 cloak {MR+}
rCorr    .         Harm     .   e - +2 pair of gloves
MR       ++++.     Clarity  +   C - +2 pair of boots
Stlth    ..........             F - amulet of Vitality {Regen+ HP+15}
HPRegen  1.89/turn              k - ring of flight
MPRegen  0.17/turn              N - ring of see invisible

@: berserking, lethally poisoned (-11 -> -47), flying, regenerating, very quick
A: horns 3, iridescent scales 3, clarity, foul stench 1, mutation resistance 1,
shaggy fur 1, magic shield, rot immunity
a: Berserk, Trog's Hand, Brothers in Arms, Renounce Religion, Stop Flying


You were on level 1 of the Shoals.
You worshipped Trog.
Trog was exalted by your worship.
You were very hungry.

You visited 5 branches of the dungeon, and saw 25 of its levels.
You also visited: Gauntlet.

You collected 2780 gold pieces.
You spent 443 gold pieces at shops.

Inventory:

Hand Weapons
 K - a +2 hunting sling of freezing
 P - a +2 quarterstaff of speed
 W - a +8 lajatang of chaos (weapon)
Missiles
 v - a throwing net (quivered)
Armour
 a - the +1 leather armour of Hadjma (worn) {rElec rN++ Int-4 Stlth+}
   (You took it off an orc priest on level 11 of the Dungeon)

   It affects your intelligence (-4).
   It insulates you from electricity.
   It greatly protects you from negative energy.
   It makes you more stealthy.
 c - a +2 cloak of invisibility
 e - a +2 pair of gloves (worn)
 m - a +2 cloak of magic resistance (worn)
 C - a +2 pair of boots (worn)
 G - a scarf of repulsion
 S - +0 swamp dragon scales
 X - a +2 ring mail of fire resistance
 Z - a +0 troll leather armour
Jewellery
 b - a -4 ring of intelligence
 j - a +5 ring of dexterity
 k - a ring of flight (left hand)
 F - the amulet of Vitality (around neck) {Regen+ HP+15}
   (You found it in a Gauntlet)

   [amulet of regeneration]

   It affects your health (+15).
   It increases your rate of regeneration.
 N - a ring of see invisible (right hand)
 Q - an uncursed ring of resist corrosion
 T - an uncursed amulet of regeneration
Wands
 d - a wand of disintegration (7)
 q - a wand of clouds (3)
 r - a wand of iceblast (11)
 x - a wand of scattershot (8)
 A - a wand of flame (36)
 E - a wand of digging (33)
 U - a wand of enslavement (11)
 V - a wand of acid (4)
Scrolls
 h - 3 scrolls of magic mapping
 i - 14 scrolls of remove curse
 l - 17 scrolls of identify
 p - 17 scrolls of teleportation
 s - 2 scrolls of immolation
 u - 2 scrolls of fog
 I - 6 scrolls of fear
 J - 3 scrolls of blinking
Potions
 g - a potion of ambrosia
 n - 17 potions of curing
 o - 4 potions of heal wounds
 t - 5 potions of flight
 w - a potion of magic
 y - a potion of haste
 z - 4 potions of invisibility
 B - 2 potions of resistance
 D - a potion of might
 H - 3 potions of brilliance
 O - 3 potions of agility
 R - 2 potions of berserk rage
Comestibles
 f - 41 rations


   Skills:
 + Level 17.0 Fighting
 - Level 14.0 Staves
 - Level 1.7 Throwing
 + Level 15.9 Dodging
 - Level 7.0 Evocations


You had 15 spell levels left.
You didn't know any spells.
Your spell library was empty.

Dungeon Overview and Level Annotations

Branches:
Dungeon (15/15)            Temple (1/1) D:5            Lair (6/6) D:9
 Shoals (1/4) Lair:3        Snake (0/4) Lair:2        Slime (0/5) Lair:6
    Orc (2/2) D:12            Elf (0/3) Orc:2        Vaults (0/5) D:13
 Depths (0/5) D:15

Altars:
Ashenzari
Cheibriados
Dithmenos
Elyvilon
Fedhas
Gozag
Hepliaklqana
Kikubaaqudgha
Makhleb
Nemelex Xobeh
Okawaru
Qazlal
Ru
Sif Muna
Trog
Uskayaw
Vehumet
Wu Jian
Xom
Yredelemnul
Zin
The Shining One
Beogh
Jiyva

Shops:
D:5 ?   D:9 %   D:14 *   Orc:2 !}[(

Annotations:
Lair:3 exclusion: oklob plant
Lair:5 1 runed translucent door, Cusedi's ghost, journeyman SpWz


Innate Abilities, Weirdness & Mutations

You have a pair of large horns on your head.
You are completely covered in iridescent scales. (AC +6)
You may emit foul miasma when damaged in melee.
When hurt, damage is shared between your health and your magic reserves.
You are immune to rotting.
You possess an exceptional clarity of mind.
You are somewhat resistant to further mutation.
You are covered in fur. (AC +1)


Message History

The sea snake is engulfed in dark miasma.
The sea snake looks even sicker.
The sea snake bites you but does no damage.
The sea snake bites you.
* * * LOW HITPOINT WARNING * * *
You are lethally poisoned!
The sea snake poisons you!
You emit a cloud of foul miasma!
Your cyclops hits the sea snake!! You slash the sea snake!
You kill the sea snake!
Trog accepts your kill.
* * * LOW HITPOINT WARNING * * *
You feel very sick.
You are too berserk!
You slice the sea snake!!
The sea snake is heavily wounded.
* * * LOW HITPOINT WARNING * * *
You feel very sick. The sea snake bites you!
You die... ≈≈≈.≈≈...# ##.......≈≈≈P ≈≈≈.P≈..##### ##..P.....P) P≈≈≈P.......# ##.###...≈≈ P.P..######.# ##..# ##...P PPP≈.#....#.###.≈.####....
PP≈P #....#......P.P#..P..
PPP

#..m≈#.#####.≈.##.P##
PPPP.##≈S##.#
#.≈≈....#
≈≈.....°@SC#
#.≈≈≈≈..#
P≈.....°S†.#
#.≈≈≈≈≈≈..
≈.....PmSE.#
#.≈≈≈≈≈≈≈≈
≈...P.P....#
#.≈≈≈≈≈≈≈≈
.≈..P.P.P..'
#.≈≈≈≈≈≈≈≈
.≈..P...P..'.
#.≈≈≈≈≈≈≈≈
....P.P.P..#..
#.≈≈≈≈≈≈≈≈
.....P.P..#...


You could see 4 sea snakes, 2 merfolk aquamancers, a water elemental and a
friendly cyclops (berserk).

Vanquished Creatures
  A kraken (Shoals:1)
  Frances (Shoals:1)
  A sphinx (D:14)
  2 orc warlords (Orc:2)
  A stone giant (Orc:1)
  A minotaur (Gauntlet)
  2 ettins
  A merfolk javelineer (Shoals:1)
  A yaktaur captain (D:11)
  Josephine (D:10)
  Fannar (D:12)
  4 vault guards (D:13)
  8 hydras
  4 centaur warriors
  7 two-headed ogres
  A merfolk aquamancer (Shoals:1)
  4 orc high priests (Orc:2)
  4 death yaks (Gauntlet)
  A vampire mage (D:15)
  7 sea snakes (Shoals:1)
  A sixfirhy (Gauntlet)
  A skeletal warrior (D:15)
  A swamp dragon (Lair:6)
  5 unseen horrors
  A death drake (D:9)
  Pikel (Temple)
  6 orc knights
  2 necromancers
  4 ugly things
  4 deep elf magi
  3 cyclopes
  4 manticores
  A fire giant zombie (D:15)
  4 orc sorcerers
  23 elephants
  A black mamba (shapeshifter) (D:15)
  A gargoyle (D:15)
  5 black mambas
  9 spiny frogs
  4 rime drakes
  A minotaur zombie (Gauntlet)
  A spriggan zombie (D:15)
  A guardian mummy (D:15)
  2 efreet
  10 komodo dragons
  A tengu conjurer (D:13)
  8 trolls
  20 blink frogs
  A blink frog (shapeshifter) (D:11)
  10 polar bears
  4 hornets
  2 meliai zombies
  12 hippogriffs
  A fire dragon zombie (D:15)
  10 dream sheep (Lair:6)
  3 raiju (Lair:6)
  A snapping turtle (Shoals:1)
  10 slime creatures (D:13)
  An ettin skeleton (D:15)
  2 shadows
  3 wyverns
  A vampire (D:14)
  5 wraiths (D:10)
  A spriggan (D:10)
  4 steam dragons
  10 basilisks
  68 yaks
  2 hungry ghosts
  3 nagas (Lair:2)
  11 wargs
  An acid dragon (Lair:6)
  12 hell hounds (Lair:6)
  10 water moccasins
  Edmund (D:4)
  12 porcupines
  An ice beast (D:13)
  4 phantoms
  9 sky beasts
  4 eyes of draining
  A hornet zombie (D:7)
  A swamp drake (Lair:6)
  16 black bears
  2 slaves (D:5)
  38 orc warriors
  19 ogres
  31 wolves
  15 centaurs
  3 big kobolds
  14 crocodiles
  14 bullfrogs
  A gnoll sergeant (D:10)
  5 scorpions
  2 electric eels (Lair:3)
  4 howler monkeys
  4 crimson imps
  2 bullfrog zombies
  3 quasits
  3 centaur zombies
  A bullfrog skeleton (D:11)
  6 hounds
  38 orc priests
  7 centaur skeletons
  14 orc wizards
  Crazy Yiuf (D:5)
  7 iguanas
  Ijyb (D:5)
  Terence (D:2)
  Natasha (thrice) (D:2)
  15 worker ants
  2 hound skeletons
  2 worker ant zombies
  Robin (D:2)
  9 gnolls
  A howler monkey skeleton (D:10)
  12 adders
  5 shadow imps
  A worker ant simulacrum (D:11)
  3 ufetubi (Gauntlet)
  An adder zombie (D:6)
  2 adder skeletons
  2 dart slugs
  A worm (D:6)
  5 leopard geckos
  112 orcs
  3 giant cockroaches
  12 goblins
  12 hobgoblins
  7 jackals
  3 quokkas
  5 bats
  2 frilled lizards
  25 kobolds
  A quokka skeleton (D:6)
  7 rats
  3 tentacles (Shoals:1)
908 creatures vanquished.

Vanquished Creatures (collateral kills)
  A fire dragon (Lair:6)
  2 sea snakes (Shoals:1)
  Maurice (Orc:1)
  A warg (Orc:1)
  An orc warrior (Orc:1)
  An ogre (Orc:1)
  An orc wizard (Orc:1)
  4 orcs (Orc:1)
12 creatures vanquished.

Vanquished Creatures (others)
  A centaur (D:6)
  A hound (D:13)
  A kobold (D:11)
  6 fungi
  11 plants
  7 tentacles (Shoals:1)
  2 withered plants (D:15)
29 creatures vanquished.

Grand Total: 949 creatures vanquished

Notes
Turn   | Place    | Note
-------+----------+-------------------------------------------
     0 | D:1      | Curus the Demonspawn Gladiator began the quest for the Orb.
     0 | D:1      | Reached XP level 1. HP: 16/16 MP: 1/1
    51 | D:1      | Gained mutation: When hurt, damage is shared between your
                  | health and your magic reserves. [demonic ancestry]
    51 | D:1      | Reached XP level 2. HP: 18/22 MP: 2/2
   659 | D:2      | Noticed Robin
   668 | D:2      | Reached XP level 3. HP: 22/27 MP: 3/3
  1021 | D:2      | Noticed Natasha
  1029 | D:2      | Killed Natasha
  1078 | D:2      | Noticed Natasha
  1087 | D:2      | Killed Natasha
  1087 | D:2      | Gained mutation: You are partially covered in iridescent
                  | scales. (AC +2) [demonic ancestry]
  1087 | D:2      | Reached XP level 4. HP: 21/33 MP: 2/4
  1101 | D:2      | Noticed Terence
  1108 | D:2      | Killed Terence
  1108 | D:2      | Reached skill level 5 in Staves
  1189 | D:2      | Noticed Natasha
  1198 | D:2      | Killed Natasha
  1198 | D:2      | Gained mutation: You have a pair of small horns on your
                  | head. [demonic ancestry]
  1198 | D:2      | Reached XP level 5. HP: 35/38 MP: 5/5
  1207 | D:2      | Killed Robin
  1927 | D:3      | Gained mutation: You are mostly covered in iridescent
                  | scales. (AC +4) [demonic ancestry]
  1927 | D:3      | Reached XP level 6. HP: 41/44 MP: 6/6
  2178 | D:4      | Found a glowing golden altar of the Shining One.
  2863 | D:5      | Entered Level 5 of the Dungeon
  2863 | D:5      | Noticed Edmund
  2905 | D:4      | Killed Edmund
  2905 | D:4      | Reached XP level 7. HP: 21/50 MP: 4/7
  3136 | D:5      | Found Coteetzy's Magic Scroll Shop.
  3168 | D:5      | Bought a scroll of fog for 30 gold pieces
  3249 | D:5      | Found a staircase to the Ecumenical Temple.
  3257 | D:5      | Noticed Pikel
  3258 | Temple   | Entered the Ecumenical Temple
  3348 | Temple   | Became a worshipper of Trog the Wrathful
  3861 | Temple   | Killed Pikel
  3861 | Temple   | Gained mutation: You are immune to rotting. [demonic
                  | ancestry]
  3861 | Temple   | Reached XP level 8. HP: 5/56 MP: 1/8
  4220 | D:5      | Found a runed translucent door.
  4221 | D:5      | Noticed Crazy Yiuf
  4240 | D:5      | Noticed Ijyb
  4252 | D:5      | Killed Ijyb
  4463 | D:5      | Reached skill level 10 in Staves
  4616 | D:5      | Killed Crazy Yiuf
  4794 | D:6      | Reached * piety under Trog
  4941 | D:6      | Found a shimmering altar of Xom.
  4941 | D:6      | Found a burning altar of Makhleb.
  4941 | D:6      | Found an opulent altar of Gozag.
  4941 | D:6      | Found a snail-covered altar of Cheibriados.
  4947 | D:6      | Found an iron altar of Okawaru.
  4947 | D:6      | Found a blossoming altar of Fedhas.
  5528 | D:7      | Reached XP level 9. HP: 48/61 MP: 7/9
  6310 | D:8      | Reached ** piety under Trog
  6675 | D:9      | Gained mutation: You are completely covered in iridescent
                  | scales. (AC +6) [demonic ancestry]
  6675 | D:9      | Reached XP level 10. HP: 20/67 MP: 4/10
  6684 | D:9      | Noticed a death drake
  6684 | D:9      | a hippogriff changed into a death drake
  6690 | D:9      | Killed a death drake
  6899 | D:9      | Noticed an elephant
  6917 | D:9      | Killed an elephant
  6936 | D:9      | Found a staircase to the Lair.
  6947 | Lair:1   | Entered Level 1 of the Lair of Beasts
  6955 | Lair:1   | Noticed a spiny frog
  6968 | Lair:1   | Killed a spiny frog
  6979 | Lair:1   | Noticed a four-headed hydra
  7258 | D:9      | Found Okloptoa's Food Boutique.
  7420 | Lair:1   | Reached skill level 3 in Fighting
  7464 | D:9      | Killed a four-headed hydra
  7464 | D:9      | Reached skill level 4 in Fighting
  7581 | D:10     | Entered Level 10 of the Dungeon
  7587 | D:9      | Paralysed by a hornet for 1 turns
  7795 | Lair:1   | Noticed a spiny frog
  7807 | Lair:1   | Killed a spiny frog
  7813 | Lair:1   | Reached skill level 5 in Fighting
  7813 | Lair:1   | Reached skill level 5 in Dodging
  7832 | Lair:1   | Noticed a spiny frog
  7842 | Lair:1   | Killed a spiny frog
  7842 | Lair:1   | Reached XP level 11. HP: 50/80 MP: 7/11
  7916 | Lair:1   | Reached *** piety under Trog
  8008 | Lair:1   | Reached skill level 6 in Fighting
  8043 | Lair:1   | Noticed a seven-headed hydra
  8050 | Lair:1   | Killed a seven-headed hydra
  8056 | Lair:1   | Received a gift from Trog
  8188 | Lair:1   | Reached skill level 7 in Fighting
  8504 | Lair:2   | Noticed a seven-headed hydra
  8512 | Lair:2   | Killed a seven-headed hydra
  8515 | Lair:2   | Found a staircase to the Snake Pit.
  8526 | Lair:2   | Received a gift from Trog
  8568 | Lair:2   | Reached skill level 8 in Fighting
  8580 | Lair:2   | Noticed a six-headed hydra
  8597 | Lair:2   | Killed a six-headed hydra
  8811 | Lair:2   | Noticed a seven-headed hydra
  8819 | Lair:2   | Killed a seven-headed hydra
  8902 | Lair:2   | Killed an unseen horror
  9086 | Lair:2   | Gained mutation: You have a pair of horns on your head.
                  | [demonic ancestry]
  9086 | Lair:2   | Reached XP level 12. HP: 89/94 MP: 10/12
  9124 | Lair:2   | Reached skill level 9 in Fighting
  9567 | Lair:3   | Noticed a five-headed hydra
  9579 | Lair:2   | Killed a five-headed hydra
  9682 | Lair:3   | Reached **** piety under Trog
  9682 | Lair:3   | Reached skill level 10 in Fighting
  9763 | Lair:3   | Gained mutation: You are covered in fur. (AC +1) [potion of
                  | mutation]
  9763 | Lair:3   | Gained mutation: You possess an exceptional clarity of
                  | mind. [potion of mutation]
  9763 | Lair:3   | Gained mutation: You are somewhat resistant to further
                  | mutation. [potion of mutation]
  9930 | Lair:3   | Found a staircase to the Shoals.
 10288 | Lair:4   | Reached skill level 10 in Dodging
 10728 | Lair:4   | Reached skill level 11 in Fighting
 11027 | Lair:4   | Received a gift from Trog
 11327 | Lair:5   | Gained mutation: You may emit foul miasma when damaged in
                  | melee. [demonic ancestry]
 11327 | Lair:5   | Reached XP level 13. HP: 82/106 MP: 7/13
 11628 | Lair:5   | Reached skill level 12 in Fighting
 11787 | Lair:5   | Found a shimmering altar of Xom.
 11924 | Lair:5   | Found a runed translucent door.
 11930 | Lair:5   | Noticed Cusedi's ghost (journeyman SpWz)
 12129 | Lair:5   | Reached ***** piety under Trog
 12274 | Lair:6   | Entered Level 6 of the Lair of Beasts
 12652 | Lair:6   | Reached skill level 13 in Fighting
 12706 | Lair:6   | Received a gift from Trog
 12765 | Lair:6   | Noticed a fire dragon
 12785 | Lair:6   | Killed a fire dragon
 12995 | Lair:6   | Reached XP level 14. HP: 113/118 MP: 14/14
 13042 | Lair:6   | Found a viscous altar of Jiyva.
 13043 | Lair:6   | Found a staircase to the Slime Pits.
 13362 | Lair:6   | Received a gift from Trog
 13610 | Lair:6   | Reached skill level 14 in Fighting
 14153 | D:10     | Noticed Josephine
 14166 | D:10     | Killed Josephine
 14807 | D:10     | Received a gift from Trog
 15169 | D:11     | Identified the +1 dagger of Distraction {antimagic, *Noise
                  | +Fly Str+4}
 15306 | D:11     | Identified the +1 leather armour of Hadjma {rElec rN++
                  | Int-4 Stlth+}
 15317 | D:11     | Received a gift from Trog
 16174 | D:12     | Reached skill level 15 in Fighting
 16421 | D:12     | Noticed Fannar
 16435 | D:12     | Killed Fannar
 16641 | D:12     | Found a staircase to the Orcish Mines.
 16673 | Orc:1    | Entered Level 1 of the Orcish Mines
 16673 | Orc:1    | Noticed a stone giant
 16683 | Orc:1    | Killed a stone giant
 17056 | Orc:2    | Entered Level 2 of the Orcish Mines
 17066 | Orc:2    | Gained mutation: You have a pair of large horns on your
                  | head. [demonic ancestry]
 17066 | Orc:2    | Reached XP level 15. HP: 117/129 MP: 5/17
 17090 | Orc:2    | Reached ****** piety under Trog
 17240 | Orc:2    | Received a gift from Trog
 17254 | Orc:1    | Noticed Maurice
 17272 | Orc:1    | Killed Maurice
 17498 | Orc:2    | Reached skill level 5 in Evocations
 17558 | Orc:2    | Noticed an orc warlord
 17568 | Orc:2    | Killed an orc warlord
 17755 | Orc:2    | Found Cyetaymp's Gadget Shoppe.
 17802 | Orc:2    | Found Maxkagut's Distillery.
 17824 | Orc:2    | Bought a potion of heal wounds for 70 gold pieces
 17824 | Orc:2    | Bought a potion of haste for 140 gold pieces
 17824 | Orc:2    | Bought a potion of agility for 56 gold pieces
 17838 | Orc:2    | Noticed an orc warlord
 17852 | Orc:2    | Killed an orc warlord
 17854 | Orc:2    | Found a roughly hewn altar of Beogh.
 17927 | Orc:2    | Received a gift from Trog
 18149 | Orc:2    | Found a staircase to the Elven Halls.
 18391 | Orc:2    | Found Gadaga's Armour Shop.
 18408 | Orc:2    | Found Paqunne's Antique Weapon Boutique.
 18431 | Orc:2    | Found a roughly hewn altar of Beogh.
 18988 | D:13     | Received a gift from Trog
 19162 | D:13     | Reached skill level 16 in Fighting
 19162 | D:13     | Reached skill level 15 in Dodging
 19204 | D:13     | Found a gate to the Vaults.
 19522 | D:13     | Received a gift from Trog
 19558 | D:13     | You fall through a shaft for 2 floors!
 19558 | D:15     | Entered Level 15 of the Dungeon
 19614 | D:15     | Identified a scroll of acquirement
 19717 | D:15     | Found a staircase to the Depths.
 20050 | D:14     | Noticed a sphinx
 20055 | D:14     | Killed a sphinx
 20115 | D:14     | Found Enkic's Island Escapes.
 20128 | D:14     | Bought a scroll of blinking for 105 gold pieces
 20128 | D:14     | Bought a scroll of teleportation for 42 gold pieces
 20142 | D:14     | Found a gate leading to a gauntlet.
 20157 | Gauntlet | Entered a Gauntlet
 20157 | Gauntlet | Found a transporter.
 20157 | Gauntlet | Found a transporter.
 20161 | Gauntlet | Found a transporter.
 20161 | Gauntlet | Found a transporter.
 20172 | Gauntlet | Found a transporter.
 20179 | Gauntlet | Found a transporter.
 20185 | Gauntlet | Found a large runed translucent door.
 20186 | Gauntlet | Found a large runed translucent door.
 20189 | Gauntlet | Found a transporter.
 20189 | Gauntlet | Found a transporter.
 20192 | Gauntlet | Found a transporter.
 20196 | Gauntlet | Found a runed translucent gate.
 20196 | Gauntlet | Found a runed translucent gate.
 20196 | Gauntlet | Found a runed translucent gate.
 20198 | Gauntlet | Found a large runed translucent door.
 20198 | Gauntlet | Found a transporter.
 20198 | Gauntlet | Found a large runed translucent door.
 20199 | Gauntlet | Found a large runed translucent door.
 20200 | Gauntlet | Found a large runed translucent door.
 20200 | Gauntlet | Found a large runed translucent door.
 20200 | Gauntlet | Found a runed translucent door.
 20200 | Gauntlet | Found a runed translucent door.
 20201 | Gauntlet | Found the amulet of Vitality {Regen+ HP+15}
 20201 | Gauntlet | Found a large runed translucent door.
 20202 | Gauntlet | Found a large runed translucent door.
 20204 | Gauntlet | Found a transporter.
 20209 | Gauntlet | Found a large runed translucent door.
 20210 | Gauntlet | Found a large runed translucent door.
 20211 | Gauntlet | Found a large runed translucent door.
 20250 | Gauntlet | Found a transporter.
 20296 | Gauntlet | Found a transporter.
 20310 | Gauntlet | Found a transporter.
 20326 | Gauntlet | Found a large runed translucent door.
 20326 | Gauntlet | Found a large runed translucent door.
 20327 | Gauntlet | Found a large runed translucent door.
 20328 | Gauntlet | Found a large runed translucent door.
 20414 | Gauntlet | Found a transporter.
 20430 | Gauntlet | Found a transporter.
 20576 | Gauntlet | Reached XP level 16. HP: 139/139 MP: 6/19
 20709 | Gauntlet | Identified the cursed +3 falchion "Arcanum" {elec, +Blink
                  | +Fly Str+4 Int+4}
 21860 | D:13     | Received a gift from Trog
 22433 | Shoals:1 | Entered Level 1 of the Shoals
 22570 | Shoals:1 | Noticed Frances
 22582 | Shoals:1 | Killed Frances
 22604 | Shoals:1 | Noticed a kraken
 22624 | Shoals:1 | Killed a kraken
 22663 | Shoals:1 | Reached skill level 17 in Fighting
 22677 | Shoals:1 | HP: 7/234 [sea snake (5)]
 22679 | Shoals:1 | HP: 2/234 [poisoned by a sea snake]
 22679 | Shoals:1 | Mangled by a sea snake

Skill      XL: |  1  2  3  4  5  6  7  8  9 10 11 12 13 14 15 16 |
---------------+-------------------------------------------------+-----
Staves         | 3 4 5 6 7 9 11 13 14 | 14.0
Dodging        | 5 8 10 12 14 15 | 15.9
Fighting       | 5 8 11 13 15 16 17 | 17.0
Evocations     | 3 5 7 |  7.0
Throwing       | |  1.7

Action                   |  1- 3 |  4- 6 |  7- 9 | 10-12 | 13-15 | 16-18 || total
-------------------------+-------+-------+-------+-------+-------+-------++-------
Melee: Quarterstaff      |    87 |   159 |   328 |   582 |   671 |       ||  1827
       Headbutt          |       |    35 |    73 |   199 |   578 |    67 ||   952
       Unarmed           |       |       |       |     7 |       |       ||     7
       Lajatang          |       |       |       |       |  1164 |   217 ||  1381
Throw: Throwing net      |       |     1 |     3 |       |       |       ||     4
Invok: Berserk           |       |       |     1 |     7 |     5 |     2 ||    15
       Brothers in Arms  |       |       |       |       |     2 |     1 ||     3
       Trog's Hand       |       |       |       |       |       |     1 ||     1
 Abil: Evoke Flight      |       |       |       |       |       |     3 ||     3
Evoke: Wand              |       |       |     2 |     1 |    16 |     3 ||    22
  Use: Scroll            |     4 |     4 |     4 |     5 |    14 |     1 ||    32
       Potion            |     4 |     2 |     3 |     5 |     2 |     1 ||    17
 Stab: Sleeping          |     3 |       |       |       |     8 |     4 ||    15
       Held in net/web   |       |     1 |     2 |       |       |       ||     3
       Paralysed         |       |       |     5 |     2 |     3 |     1 ||    11
       Petrifying        |       |       |       |     6 |     6 |     1 ||    13
       Confused          |       |       |       |     6 |     5 |     1 ||    12
       Petrified         |       |       |       |       |     9 |     2 ||    11
       Distracted        |       |       |       |       |     4 |     1 ||     5
  Eat: Chunk             |     1 |     4 |    10 |    15 |    36 |     7 ||    73
       Ration            |       |       |     1 |     2 |     1 |       ||     4
Armor: Leather armour    |    31 |     4 |       |       |    81 |    37 ||   153
       Ring mail         |       |    60 |   146 |   192 |   306 |       ||   704
       Skin              |       |       |       |     1 |     1 |       ||     2
       Swamp dragon scal |       |       |       |       |       |     1 ||     1
Dodge: Dodged            |    51 |   133 |   160 |   464 |  1576 |   194 ||  2578
       Deflected         |       |       |       |       |       |     6 ||     6
